[Event "*** Titled Tuesday Blitz"]
[Site "Chess.com"]
[Date "2021.03.16"]
[Round "7"]
[White "MrChampion_Coach"]
[Black "ARTHURMOTIVATOR"]
[Result "1-0"]
[WhiteElo "2508"]
[BlackElo "2372"]
[TimeControl "180+1"]
[EndTime "11:18:15 PDT"]
[Termination "MrChampion_Coach won on time"]

1. d4 Nf6 2. c4 c5 3. d5 g6 4. Nc3 Bg7 5. Nf3 O-O 6. Bf4 d6 7. e3 Bf5 8. Nh4 Ne4 9. Nxf5 Nxc3 10. Qc2 gxf5 11. bxc3 Qa5 12. Rc1 b5 13. cxb5 a6 14. bxa6 Nxa6 15. Bc4 Nc7 16. O-O Nb5 17. Qxf5 e6 18.
dxe6 fxe6 19. Qxe6+ Kh8 20. Qh3 Ra7 21. Bd3 Be5 22.
Bxe5+ dxe5 23. Qe6 Rg7 24. Qxe5 Qa8 25. g3 Nc7 26.
Qxc5 Ne6 27. Qe5 Ng5 28. f3 Nxf3+ 29. Rxf3 Qxf3 30. Rf1 Qxf1+ 31. Bxf1 Rc8 32. Bd3 Rd8 33. Bf5 Kg8 34. Kg2 Kh8 35. Be6 Rf8 36. Kh3 h6 37.
Qh5 Kh7 38. Bf5+ Kg8 39. e4 Rf6 40. Qe8+ Rf8 41. Qe6+ Rgf7 42. Qg6+ Rg7 43. Qe6+ 1-0

[Event "*** Titled Tuesday Blitz"]
[Site "Chess.com"]
[Date "2021.03.16"]
[Round "7"]
[White "Soltan49"]
[Black "Manukyan_Artak"]
[Result "0-1"]
[WhiteElo "2211"]
[BlackElo "2394"]
[TimeControl "180+1"]
[EndTime "11:18:15 PDT"]
[Termination "Manukyan_Artak won by resignation"]

1. d4 Nf6 2. c4 e6 3. Nc3 Bb4 4. Qc2 d5 5. a3 Bxc3+ 6. Qxc3 b6 7. Nf3 O-O 8. Bg5 dxc4 9. e3 Ba6 10. Bxc4 Bxc4 11.
Qxc4 Qd5 12. Rc1 Rc8 13. Bxf6 gxf6 14. Ke2 Nd7 15. Qxd5 exd5 16. Rc6 a5 17. Nh4 b5 18. Rhc1 Ra7 19. Nf5 Kf8 20. Nd6 Rb8 21. Rxc7 Rxc7 22.
Rxc7 Ke7 23. Nf5+ Ke6 24. Ng7+ Kd6 25. Ra7 a4 26. Nf5+ Ke6 27. g4 h5 28. Ng7+ Kd6 29.
Nxh5 Rc8 30. Kd2 Nb6 31. Rxf7 Nc4+ 32. Ke2 Nxb2 33. Rxf6+ Kc7 34. g5 Kb7 35. g6 b4 36. g7 bxa3 37. Rf8 a2 38. Rxc8 a1=Q 39. Kf3 Kxc8 40. g8=Q+ Kc7 41. Qf7+ Kb6 42. Qe6+ Kc7 43. Qe5+ Kc6 44. Qe6+ Kc7 45. Qxd5 Qh1+ 46. Kf4 Qxd5 0-1

[Event "*** Titled Tuesday Blitz"]
[Site "Chess.com"]
[Date "2021.03.16"]
[Round "7"]
[White "SF-96"]
[Black "Myshakov_Fedor"]
[Result "1-0"]
[WhiteElo "2589"]
[BlackElo "2363"]
[TimeControl "180+1"]
[EndTime "11:18:16 PDT"]
[Termination "SF-96 won on time"]

1. e4 c6 2. d4 d5 3. e5 Bf5 4.
Nd2 e6 5. Nb3 Nd7 6. Nf3 Ne7 7.
a4 c5 8. Nxc5 Nxc5 9. dxc5 Nc6 10. Be3 Qc7 11. Bb5 Bg4 12. O-O Bxf3 13. Qxf3 Qxe5 14.
c3 Be7 15. Bf4 Qf6 16. b4 O-O 17. Rfe1 a5 18. Bxc6 bxc6 19. Qe3 Rfc8 20. Be5 Qf5 21. Bd4 Rcb8 22. Qg3 f6 23. Qc7 Bf8 24. Qxc6 axb4 25.
cxb4 Kh8 26. b5 e5 27. Bb2 Qc2 28. Rab1 Qxa4 29. Bc1 d4 30. Qd5 Qc2 31. Rb2 Qxc5 32. Qd7 Rd8 33. Qc6 Rdc8 34. Qxc5 Bxc5 35. Bd2 Ba3 36. Rb3 Bc5 37. b6 Rab8 38. b7 Rc7 39.
Reb1 e4 40. Rb5 h5 41. Ba5 Rc6 42. h4 Kh7 43. Rc1 1-0

[Event "*** Titled Tuesday Blitz"]
[Site "Chess.com"]
[Date "2021.03.16"]
[Round "7"]
[White "Alexander_Moskalenko"]
[Black "rpragchess"]
[Result "0-1"]
[WhiteElo "2776"]
[BlackElo "2921"]
[TimeControl "180+1"]
[EndTime "11:18:17 PDT"]
[Termination "rpragchess won on time"]

1. d4 Nf6 2. Bf4 d5 3. e3 c5 4.
Nf3 e6 5. Nbd2 Bd6 6. Bg3 O-O 7. c3 Qc7 8. Bd3 Nbd7 9. O-O e5 10. dxe5 Nxe5 11. Nxe5 Bxe5 12. Bxe5 Qxe5 13. Nf3 Qe7 14. Qa4 Bg4 15. Qf4 Bxf3 16. Qxf3 Rad8 17. Rad1 Rfe8 18. Bc2 Rd6 19. Rd2 Red8 20. Rfd1 b6 21. Qf4 g6 22.
h3 Kg7 23. e4 Re6 24. exd5 Re1+ 25. Kh2 Rxd1 26. Rxd1 Rxd5 27. Rxd5 Nxd5 28. Qf3 Qe5+ 29. g3 c4 30. a4 a6 31. Be4 Nc7 32. Bb7 b5 33. a5 b4 34. Qc6 bxc3 35. bxc3 Qxa5 36.
Qxc4 Qb6 37. Bg2 Ne6 38. Qa4 a5 39. c4 Qb4 40. Qa1+ Kg8 41. Bd5 a4 42. Qf6 Qd6 43. Qc3 Nc7 44. Qa5 a3 45. Bg2 Qa6 46. Qxc7 a2 47.
Qd8+ Kg7 48. Qd4+ Qf6 49. Qa1 Qxa1 0-1

[Event "*** Titled Tuesday Blitz"]
[Site "Chess.com"]
[Date "2021.03.16"]
[Round "7"]
[White "CSB7"]
[Black "ChessLover0108"]
[Result "0-1"]
[WhiteElo "2605"]
[BlackElo "2775"]
[TimeControl "180+1"]
[EndTime "11:18:17 PDT"]
[Termination "ChessLover0108 won by checkmate"]

1. Nf3 Nf6 2. g3 g6 3. Bg2 Bg7 4. O-O O-O 5. d4 d5 6. c4 c6 7.
cxd5 cxd5 8. Ne5 Nc6 9. Nc3 Nd7 10. Nxd5 Ndxe5 11. dxe5 Bxe5 12. Bh6 Re8 13. Bf4 Bxf4 14.
Nxf4 Qa5 15. Bxc6 bxc6 16. Qc2 e5 17. Nd3 Bh3 18. Rfc1 Rad8 19. Qxc6 h5 20. Qc5 Qd2 21. Qe3 Qxe3 22. fxe3 Bg4 23. Kf2 e4 24. Ne1 Rd2 25. Rc2 Red8 26. Rac1 g5 27. b4 R2d6 28. Rc5 Rf6+ 29.
Kg1 Rd2 30. Rxg5+ Kh7 31. Ng2 Rxe2 32. Nf4 Rxa2 33. Nxh5 Bxh5 34. Rxh5+ Kg6 35. Rh4 Rff2 36. Rg4+ Kh7 37. Rh4+ Kg7 38. Rg4+ Kf8 39. Rc8+ Ke7 40. Rxe4+ Kd7 41. Rc1 Rg2+ 42. Kf1 Rxh2 43. Rh4 Rhf2+ 44. Ke1 Rg2 45. Kf1 Raf2+ 46. Ke1 Rb2 47. Kf1 Rxg3 48. Rf4 Rh3 49. Rxf7+ Ke6 50. Rg7 Kf6 51. Rg2 Rh1+ 52.
Rg1 Rhh2 53. Ke1 Ke5 54. Rf1 Ke4 55. Kd1 Rbd2+ 56. Ke1 Rhe2# 0-1

[Event "*** Titled Tuesday Blitz"]
[Site "Chess.com"]
[Date "2021.03.16"]
[Round "7"]
[White "Onischuk_V"]
[Black "Artem_Sadovsky"]
[Result "1-0"]
[WhiteElo "2841"]
[BlackElo "2632"]
[TimeControl "180+1"]
[EndTime "11:18:19 PDT"]
[Termination "Onischuk_V won by resignation"]

1. Nf3 d5 2. g3 c6 3. Bg2 Nf6 4. O-O Bg4 5. d3 Nbd7 6. Nbd2 e5 7. e4 Bd6 8. h3 Bxf3 9. Qxf3 O-O 10. Qe2 Re8 11.
f4 exf4 12. gxf4 dxe4 13. dxe4 Qc7 14. Qf3 Rad8 15. Kh1 Bb4 16. c3 Bf8 17. e5 Nd5 18. Ne4 Nc5 19. Ng3 Nb6 20. Be3 Rd3 21. Qf2 Nca4 22. Rad1 Nxb2 23. Qxb2 Rxe3 24. Nf5 Nc4 25.
Qc2 Qa5 26. Rd7 Rxc3 27. Qe2 g6 28. Qg4 h5 29. Qg5 Ne3 30. Qf6 Qxa2 31. Bd5 Qxd5+ 32. Rxd5 Nxd5 33. Qg5 Rxh3+ 34. Kg2 Rd3 35. Re1 Rd2+ 36.
Kh1 Rf2 37. e6 Nxf4 38. exf7+ Kxf7 39. Rxe8 Kxe8 40. Ne3 Bd6 41. Nc4 Rf1+ 42. Kh2 Ne6+ 43. Nxd6+ Kd7 44. Qe5 Rf2+ 45. Kg1 Rd2 46. Ne4 Rd1+ 47.
Kf2 Rd4 48. Nc5+ Nxc5 49. Qxd4+ Kc7 50. Qxc5 b6 51. Qe7+ 1-0

[Event "*** Titled Tuesday Blitz"]
[Site "Chess.com"]
[Date "2021.03.16"]
[Round "7"]
[White "xberli"]
[Black "bakki78"]
[Result "0-1"]
[WhiteElo "2609"]
[BlackElo "2779"]
[TimeControl "180+1"]
[EndTime "11:18:19 PDT"]
[Termination "bakki78 won by resignation"]

1. e4 c5 2. Nf3 Nc6 3. d4 cxd4 4. Nxd4 Nf6 5. Nc3 d6 6. Bg5 e6 7. Qd2 a6 8. O-O-O Bd7 9. f4 Be7 10. Kb1 b5 11. Bxf6 Bxf6 12. Nxc6 Bxc6 13. Bd3 Qa5 14. Nd5 Qxd2 15. Nxf6+ gxf6 16. Rxd2 Ke7 17. Re1 h5 18. b3 h4 19. Kb2 Rag8 20. c4 b4 21. a3 bxa3+ 22.
Kxa3 Rg4 23. Rf2 Rhg8 24. Ree2 a5 25. Bc2 Kd7 26. Rd2 Kc7 27. Bd1 R4g7 28. Bc2 f5 29.
exf5 Rxg2 30. fxe6 fxe6 31. Rxg2 Rxg2 32. Rxg2 Bxg2 33.
b4 Kb6 34. Bb3 Bh3 35. Ka4 axb4 36. Kxb4 Bf5 37. Ba4 Bg6 38. Bd7 Bf7 39. Ba4 Bh5 40. Bd7 Bg4 41. Ba4 Kc7 42. Kc3 Kd8 43. Kd4 Ke7 44.
Bc6 Kf6 45. Ke3 Bh3 46. Bd7 Bf1 47. Kd4 Kf5 48. c5 dxc5+ 49. Kxc5 Bh3 50. Kd6 Kxf4 51.
Bxe6 Bxe6 52. Kxe6 Kf3 53. Kf5 h3 54. Ke5 Kg2 55.
Kf4 Kxh2 0-1

[Event "*** Titled Tuesday Blitz"]
[Site "Chess.com"]
[Date "2021.03.16"]
[Round "7"]
[White "Vandros57"]
[Black "HrvojeZagreb"]
[Result "1-0"]
[WhiteElo "2201"]
[BlackElo "2274"]
[TimeControl "180+1"]
[EndTime "11:18:22 PDT"]
[Termination "Vandros57 won by resignation"]

1. d4 e6 2. Nf3 f5 3. Bg5 Nf6 4. Nc3 d5 5. e3 c6 6. Bd3 Bd6 7. O-O Nbd7 8. Ne2 O-O 9. Bf4 Be7 10. h3 Ne4 11. Ne5 Nxe5 12. Bxe5 b6 13. f3 Nd6 14. c3 c5 15. Bh2 c4 16. Bc2 b5 17. a3 a5 18. Qd2 Ba6 19. Bxd6 Qxd6 20. e4 b4 21. axb4 axb4 22. exf5 b3 23. f6 Rxf6 24. Bb1 Raf8 25. f4 g5 26. g3 e5 27. dxe5 Qxe5 28. Bxh7+ Kxh7 29. fxe5 Bc5+ 30. Kg2 Rf2+ 31. Rxf2 Rxf2+ 32. Kh1 Bb7 33. Qxg5 d4+ 34. Kg1 d3 35. Qh5+ Kg7 36. Qg5+ Kh7 37. Qh5+ Kg7 38. Qg5+ Kf7 39. Nd4 Rg2+ 40. Kf1 Bxd4 41. Qf6+ Ke8 42. cxd4 Rxg3 43. e6 Rf3+ 44. Qxf3 Bxf3 45. Kf2 Bh5 46. Ke3 Ke7 47. d5 Kd6 48. Ra5 c3 49. bxc3 b2 50. Rb5 Bg6 51.
Rxb2 d2 52. Rxd2 1-0

[Event "*** Titled Tuesday Blitz"]
[Site "Chess.com"]
[Date "2021.03.16"]
[Round "7"]
[White "FMJoseHerrera"]
[Black "ChrisTool2"]
[Result "0-1"]
[WhiteElo "2511"]
[BlackElo "2350"]
[TimeControl "180+1"]
[EndTime "11:18:23 PDT"]
[Termination "ChrisTool2 won by resignation"]

1. Nf3 d5 2. g3 Nc6 3. Bg2 e5 4. O-O f6 5. c4 Be6 6. cxd5 Bxd5 7. Nc3 Be6 8. Qa4 Qd7 9. e3 Bc5 10.
a3 Bb6 11. d4 exd4 12. exd4 Nxd4 13. Qxd7+ Bxd7 14. Re1+ Kf7 15. Nxd4 Bxd4 16. Bxb7 Rb8 17. Bd5+ Kg6 18. Rd1 c5 19. Ne2 Bg4 20. Nf4+ Kh6 21. Re1 g5 22. Ne6 Ne7 23. Bc4 Bxb2 24. Bxb2 Rxb2 25. Nxg5 Kxg5 26. Rxe7 Rd8 27. Rg7+ Kf5 28. Re1 Rd6 29. Kg2 Bh5 30. h3 Bg6 31. h4 Rc2 32.
Ba6 Rxa6 33. Kf3 Rxa3+ 34. Kg2 Raa2 35. Rf1 Ke6 36. g4 Bd3 37. Re1+ Kd6 38. Rd1 Rxf2+ 39.
Kg3 c4 40. Rf7 Rg2+ 41. Kf4 Raf2+ 42. Ke3 Re2+ 43. Kd4 Rxg4+ 44. Kc3 Rc2+ 45. Kb4 Ke6 46. Rxa7 Rb2+ 47. Kc3 Rb3+ 48. Kd2 Rg2+ 49. Ke3 Bc2+ 50. Kf4 Bxd1 51. Ra6+ Kf7 52. Ra7+ Kg6 53. h5+ Kxh5 54. Ke4 Rg4+ 55. Kf5 Rf3+ 56. Ke6 Re4+ 57. Kd5 Ree3 58. Rxh7+ Kg6 59. Rh1 c3 60. Rxd1 Rd3+ 61. Rxd3 Rxd3+ 62. Kc4 Rf3 63. Kb3 Kf5 64. Kc2 Ke4 0-1

[Event "*** Titled Tuesday Blitz"]
[Site "Chess.com"]
[Date "2021.03.16"]
[Round "7"]
[White "tylityli"]
[Black "GMaka"]
[Result "0-1"]
[WhiteElo "2285"]
[BlackElo "2462"]
[TimeControl "180+1"]
[EndTime "11:18:25 PDT"]
[Termination "GMaka won on time"]

1. d4 d5 2. c4 c6 3. cxd5 cxd5 4. Bf4 Nf6 5. e3 g6 6. Nc3 a6 7. h3 Bg7 8. Nf3 O-O 9. Rc1 Nc6 10. Bd3 Bf5 11. Bxf5 gxf5 12. O-O e6 13. Ne5 Nxe5 14. Bxe5 Rc8 15. Qb3 b5 16. a4 bxa4 17. Nxa4 Ne4 18. Bxg7 Kxg7 19. Qd3 Qa5 20. Ra1 Qb5 21. Rfd1 Rc4 22. b3 Rb4 23. f3 Rxb3 24. Qxb5 axb5 25.
fxe4 bxa4 26. exd5 a3 27. dxe6 fxe6 28. d5 e5 29. e4 fxe4 30. d6 Rd8 31. d7 Kf6 32. Rd6+ Ke7 33. Rd5 Ke6 34. Ra5 Rxd7 35. R5xa3 Rbd3 36. Kf2 Rd2+ 37. Ke3 Rxg2 38. Ra6+ Kf7 39. Kxe4 Rg5 40.
Rf1+ Kg7 41. Rfa1 Rd4+ 42. Ke3 Rf4 43. Rh1 Rg3+ 44. Ke2 h5 45. Ra5 Kf6 46. h4 Kf5 47.
Ra8 Rgg4 48. Rf8+ Ke4 49. Rxf4+ Kxf4 50. Kf2 e4 0-1

[Event "*** Titled Tuesday Blitz"]
[Site "Chess.com"]
[Date "2021.03.16"]
[Round "7"]
[White "blitzking1729"]
[Black "vladgoncharov"]
[Result "1-0"]
[WhiteElo "2623"]
[BlackElo "2446"]
[TimeControl "180+1"]
[EndTime "11:18:26 PDT"]
[Termination "blitzking1729 won on time"]

1. c3 d5 2. e4 dxe4 3. Qa4+ Bd7 4. Qxe4 Bc6 5. Qf4 Nf6 6. d4 e6 7. Nf3 Bd6 8. Qh4 Bxf3 9. gxf3 Be7 10. Qg3 g6 11. Bd3 c5 12. Na3 a6 13. Be3 Nc6 14.
Nc2 cxd4 15. Nxd4 Rc8 16. Nxc6 Rxc6 17. O-O-O Qc8 18. Kb1 b5 19. Be4 Rc4 20. Bc2 O-O 21. Bb3 Nh5 22. Qe5 Bf6 23. Qd6 Rc6 24. Qd7 Qxd7 25. Rxd7 Be5 26. h4 Nf4 27. Rhd1 h5 28. Bc2 Kg7 29. Be4 Rc4 30. Rg1 Kf6 31. Rg5 b4 32. b3 Rxc3 33. Rxe5 Rxe3 34. fxe3 Kxe5 35. exf4+ Kxf4 36. Rd4 e5 37. Rxb4 Kg3 38. Bb7 a5 39. Ra4 g5 40. hxg5 h4 41. Rxa5 h3 42. Rxe5 Rb8 43. Bd5 Rb5 44. a4 h2 45. axb5 h1=Q+ 46. Ka2 Qc1 47. Re2 Qc5 48. Bc4 Kxf3 49. Rc2 1-0

[Event "*** Titled Tuesday Blitz"]
[Site "Chess.com"]
[Date "2021.03.16"]
[Round "7"]
[White "esrosenberg"]
[Black "Fischerev7"]
[Result "0-1"]
[WhiteElo "2218"]
[BlackElo "2398"]
[TimeControl "180+1"]
[EndTime "11:18:27 PDT"]
[Termination "Fischerev7 won by checkmate"]

1. Nf3 Nf6 2. c4 c5 3. Nc3 Nc6 4. g3 g6 5. Bg2 Bg7 6. O-O O-O 7. d4 cxd4 8. Nxd4 a6 9. Nc2 d6 10. Na3 h6 11. e4 Be6 12. h3 Qc8 13. Kh2 Ne5 14.
b3 b5 15. Nd5 Bxd5 16. exd5 bxc4 17. f4 Neg4+ 18. Kh1 Nh5 19. hxg4 Nxg3+ 20. Kg1 Nxf1 21. Rb1 Ng3 22. Qf3 c3 23. Nc2 h5 24. Qxg3 hxg4 25.
Be3 Qf5 26. Rc1 Rac8 27. Nd4 Qd3 28. Nc6 Rxc6 29. dxc6 Bd4 30. Bxd4 Qxg3 31. Rxc3 Qe1+ 32. Bf1 Qe4 33. Bf2 g3 34. Rxg3 Qxc6 35. Bg2 Qc1+ 36. Kh2 Qxf4 37. Be3 Qh4+ 38. Bh3 Rc8 39. Rg4 Rc2+ 40.
Rg2 Qe4 41. Rxc2 Qxc2+ 42. Kg3 Qd3 43. Kf3 Qc2 44. a4 Qxb3 45. a5 Qb5 46. Bg2 Qd5+ 47.
Kf2 Qxa5 48. Be4 Qa2+ 49. Kf3 Qa3 50. Kf4 a5 51. Bd4 Qb4 52. Be3 d5 53. Ke5 Qxe4# 0-1

[Event "*** Titled Tuesday Blitz"]
[Site "Chess.com"]
[Date "2021.03.16"]
[Round "7"]
[White "sokidze"]
[Black "Das_Virus_2020"]
[Result "1-0"]
[WhiteElo "2694"]
[BlackElo "2475"]
[TimeControl "180+1"]
[EndTime "11:18:29 PDT"]
[Termination "sokidze won by resignation"]

1. d4 Nf6 2. g3 c5 3. d5 b5 4. Bg2 d6 5. e4 g6 6. f4 Bg7 7. e5 Ng4 8. e6 Nf6 9. exf7+ Kxf7 10.
Nf3 Re8 11. O-O Kg8 12. Re1 a5 13. Nc3 b4 14. Ne4 Nxe4 15. Rxe4 Nd7 16. Re1 Nf6 17. Ng5 a4 18. Rb1 Bf5 19. Ne6 Qb6 20. Nxg7 Kxg7 21. Ra1 Ng4 22. c4 bxc3 23. bxc3 c4+ 24. Qd4+ Qxd4+ 25. cxd4 Nf6 26. Ba3 Kf7 27. Rac1 Rec8 28. Bb4 h5 29. a3 c3 30. Rxc3 Rxc3 31. Bxc3 Rc8 32. Bb4 Rc4 33. Rd1 Rc2 34. Rd2 Rxd2 35. Bxd2 Be4 36.
Bf1 Bxd5 37. Bb5 Bb3 38. Kf2 Nd5 39. Kf3 Nb6 40. Bb4 Ke6 41. Ke4 Bc2+ 42. Ke3 Nd5+ 43.
Kd2 Nxb4 44. axb4 Bb3 45. Kc3 Kd5 46. Bd3 e5 47. dxe5 dxe5 48. fxe5 Kxe5 49. Bxg6 Bd5 50. Bxh5 a3 51. Be2 1-0

[Event "*** Titled Tuesday Blitz"]
[Site "Chess.com"]
[Date "2021.03.16"]
[Round "7"]
[White "ChelsieMonica"]
[Black "GM_LOADING"]
[Result "1-0"]
[WhiteElo "2354"]
[BlackElo "2545"]
[TimeControl "180+1"]
[EndTime "11:18:29 PDT"]
[Termination "ChelsieMonica won by resignation"]

1. c4 e6 2. Nf3 Nf6 3. g3 a6 4. Bg2 b5 5. Ne5 Ra7 6. O-O c5 7. d4 bxc4 8. Be3 d5 9. dxc5 Qc7 10. Bf4 Qd8 11. b4 cxb3 12. Qxb3 Bd7 13. Nxd7 Nbxd7 14. c6 Nc5 15. Qe3 Bd6 16. Rc1 d4 17. Qxd4 Bxf4 18. Qxf4 Qe7 19. Qd4 O-O 20. Qxc5 Qc7 21.
Nc3 Raa8 22. Ne4 Nd5 23. Nd6 Ne7 24. Rab1 Rfd8 25. Rb7 Qxd6 26. Qxd6 Rxd6 27. Rxe7 Rc8 28. Bf3 Kf8 29. Ra7 e5 30. g4 g6 31. g5 h6 32. h4 hxg5 33. hxg5 Rd4 34. Rxa6 e4 35. Bg4 Rc7 36. Ra8+ Ke7 37. Rc8 Rxc8 38. Bxc8 Kd8 39. Bg4 Kc7 40. Rc2 e3 41. f3 Rd5 42. Kg2 Rxg5 43. Kh3 Rd5 44. f4 f5 45. Bf3 Rd4 46. Kg3 Rb4 47. Rc3 Ra4 48. Rxe3 g5 49. Re7+ Kc8 50. fxg5 f4+ 51. Kg4 Rxa2 52. g6 Ra1 53.
Kxf4 Rg1 54. g7 Kd8 55. Rd7+ Kc8 56. Bg4 Rf1+ 57. Kg5 Rf5+ 58. Bxf5 1-0

[Event "*** Titled Tuesday Blitz"]
[Site "Chess.com"]
[Date "2021.03.16"]
[Round "7"]
[White "anon102030"]
[Black "NiranjanNavalgund"]
[Result "1-0"]
[WhiteElo "2707"]
[BlackElo "2524"]
[TimeControl "180+1"]
[EndTime "11:18:30 PDT"]
[Termination "anon102030 won by resignation"]

1. e4 e5 2. Nf3 Nc6 3. Bc4 Nf6 4. d3 h6 5. Nc3 d6 6. h3 a6 7. O-O g5 8. Bxg5 hxg5 9. Nxg5 Be6 10. Nxe6 fxe6 11.
Bxe6 Qe7 12. Bg4 Nxg4 13. Qxg4 Qd7 14. Qg6+ Qf7 15. Qxf7+ Kxf7 16. Nd5 Rc8 17. f4 exf4 18. Rxf4+ Kg7 19. Rg4+ Kh6 20. Rf1 Ne5 21. Rf6+ Kh7 22. Rg5 c6 23. Nf4 Bh6 24. Rg3 Rhf8 25. Nh5 Rxf6 26.
Nxf6+ Kh8 27. d4 Bf4 28. Rb3 Nf7 29. Rxb7 Rf8 30. c3 Bc1 31. h4 Kg7 32. Nh5+ Kg6 33.
Ng3 Be3+ 34. Kh1 Bf2 35. h5+ Kg5 36. Nf5 Rh8 37. g4 Kxg4 38. Rxf7 Rxh5+ 39. Kg2 Be1 40. Nxd6 Bd2 41. e5 Be3 42. Ne4 Rh8 43. Rf6 Bf4 44. Nf2+ Kg5 45. Nh3+ Rxh3 46. Kxh3 Bc1 47. Rxc6 Bxb2 48. Rxa6 Bxc3 49. e6 Kf6 50. d5 Be5 51.
Ra7 Bd6 52. Rf7+ Kg6 53. Rd7 Bc5 54. a4 Be7 55. a5 Bc5 56. a6 Kf6 57. a7 Bxa7 58.
Rxa7 Ke5 59. e7 Kd6 60. e8=Q Kxd5 61. Rd7+ 1-0

[Event "*** Titled Tuesday Blitz"]
[Site "Chess.com"]
[Date "2021.03.16"]
[Round "7"]
[White "Matthew-Fishbein"]
[Black "djano"]
[Result "1-0"]
[WhiteElo "2320"]
[BlackElo "2485"]
[TimeControl "180+1"]
[EndTime "11:18:30 PDT"]
[Termination "Matthew-Fishbein won on time"]

1. d4 Nf6 2. Nf3 g6 3. g3 Bg7 4. Bg2 c5 5. O-O cxd4 6. Nxd4 Nc6 7. Nb3 h5 8. h4 d6 9. Nc3 Ng4 10. e4 Bd7 11. Bg5 O-O 12. a4 a6 13. a5 Rc8 14.
Nd5 Bxb2 15. f3 Nf6 16. Ra2 Be5 17. f4 Nxd5 18. exd5 Nb4 19. fxe5 Nxa2 20. exd6 f6 21. dxe7 Qxe7 22. d6 Qg7 23. Bd2 Bc6 24. Qa1 Bxg2 25. Kxg2 Rxc2 26. Rf2 Qd7 27. Nd4 Rxd2 28. Rxd2 Nb4 29.
Qc3 Nd5 30. Qb3 Qxd6 31. Nc2 Rd8 32. Ne3 Kg7 33. Rxd5 Qe7 34. Rxd8 Qxd8 35. Qxb7+ Kh6 36. Qxa6 Qd2+ 37. Kf3 f5 38. Qf6 Kh7 39. Qf7+ Kh8 40. Qf8+ Kh7 41. Qf7+ Kh6 42. Qg8 Qd4 43. Qf8+ Kh7 44.
Qa3 Qe4+ 45. Ke2 f4 46. gxf4 Qxf4 47. Qe7+ Kh8 48. Qd8+ Kh7 49. Qd7+ Kh8 50. a6 Qh2+ 51. Kd3 Qa2 52. a7 Qb3+ 53. Ke4 Qa4+ 54. Qd4+ 1-0

[Event "*** Titled Tuesday Blitz"]
[Site "Chess.com"]
[Date "2021.03.16"]
[Round "7"]
[White "BvsN"]
[Black "barbara25"]
[Result "1-0"]
[WhiteElo "2425"]
[BlackElo "2253"]
[TimeControl "180+1"]
[EndTime "11:18:31 PDT"]
[Termination "BvsN won by checkmate"]

1. c4 e5 2. Nc3 Nf6 3. Nf3 Nc6 4.
e3 Bb4 5. Qc2 O-O 6. Nd5 Bd6 7.
Ng5 g6 8. Nxf6+ Qxf6 9. Ne4 Qg7 10. Nxd6 cxd6 11. Be2 f5 12. a3 b6 13. b4 Bb7 14.
Bb2 Qf7 15. O-O Rac8 16. Bf3 e4 17. Be2 Ne5 18. Qb3 b5 19. Rac1 bxc4 20. Qc3 Rfe8 21. f4 exf3 22. gxf3 g5 23. Kf2 Qh5 24. Ke1 f4 25.
Kd1 Qxh2 26. Qd4 Bc6 27. Rc2 Ba4 28. Re1 Bxc2+ 29. Kxc2 Qh6 30. Bc3 Qg6+ 31. Kb2 Qg7 32. exf4 gxf4 33. Rg1 Re7 34. Rxg7+ Rxg7 35. Qxf4 Rf7 36.
Qg3+ Rg7 37. Qh2 Re8 38. Bxe5 dxe5 39. Bxc4+ Kh8 40. Qh6 Rf8 41. Qd6 Re8 42. Qa6 h6 43.
Bd5 d6 44. Qd3 Rf8 45. Qe3 Rf4 46. Qe1 Rd4 47. Be4 Rg2 48. Bc2 Rdxd2 49. Qe4 Rxc2+ 50. Kb3 Rb2+ 51. Ka4 Rbd2 52. Qa8+ Kg7 53. Qxa7+ Kf6 54. Qb6 h5 55. Qd8+ Kf5 56. Qd7+ Kf4 57. Qf7+ Ke3 58. Qf5 Rgf2 59. Qe4# 1-0

[Event "*** Titled Tuesday Blitz"]
[Site "Chess.com"]
[Date "2021.03.16"]
[Round "7"]
[White "Sergey85Rodchenkov"]
[Black "SergeyShtyka"]
[Result "1-0"]
[WhiteElo "2539"]
[BlackElo "2411"]
[TimeControl "180+1"]
[EndTime "11:18:32 PDT"]
[Termination "Sergey85Rodchenkov won on time"]

1. e4 c5 2. Nf3 Nc6 3. d4 cxd4 4.
Nxd4 Nf6 5. Nc3 e5 6. Nb3 Bb4 7.
Bc4 h6 8. O-O O-O 9. Nd5 Nxd5 10. Bxd5 Be7 11. Be3 d6 12. Qe2 Bg5 13. Rfd1 Bxe3 14.
Qxe3 Qe7 15. c3 Be6 16. a4 Qc7 17. a5 Ne7 18. Bxe6 fxe6 19. Rd2 Rf6 20. Rad1 d5 21. Qc5 Qd7 22. f3 Rf7 23. Qb4 Rc8 24. Nc5 Qc6 25. Nd3 Ng6 26. Nf2 Nf4 27. Re1 Rcf8 28.
exd5 exd5 29. Rxe5 Qg6 30. Ng4 h5 31. Ne3 Nh3+ 32. Kh1 Rxf3 33. g3 Nf2+ 34. Kg1 Ne4 35. Rxe4 dxe4 36. Qd4 Rxe3 37. Qxe3 Rf3 38. Qd4 Kh7 39. Re2 e3 40. Kg2 Rf2+ 41. Rxf2 exf2 42. Qxf2 Qe4+ 43. Qf3 Qc2+ 44. Qf2 Qe4+ 45. Qf3 Qc2+ 46. Kh3 Qxb2 47. Qxh5+ Kg8 48. Qe8+ Kh7 49. Qe5 Qb3 50. Kg4 Qc4+ 51. Kf3 a6 52. Qe4+ 1-0

[Event "*** Titled Tuesday Blitz"]
[Site "Chess.com"]
[Date "2021.03.16"]
[Round "7"]
[White "NishaOnYoutube"]
[Black "NoGuru"]
[Result "0-1"]
[WhiteElo "2097"]
[BlackElo "2289"]
[TimeControl "180+1"]
[EndTime "11:18:33 PDT"]
[Termination "NoGuru won by checkmate"]

1. d4 d5 2. c4 e6 3. Nc3 Be7 4. Nf3 Nf6 5. Bf4 O-O 6. e3 Nbd7 7. c5 c6 8. Be2 b6 9. b4 a5 10. a3 Ba6 11. O-O Qc8 12. Bxa6 Rxa6 13. Qe2 Qb7 14. b5 Raa8 15. cxb6 Qxb6 16. bxc6 Qxc6 17. Rfc1 Rfc8 18. Na2 Qa4 19. Nc3 Qc4 20. Qxc4 Rxc4 21. Nd2 Rc6 22.
Ne2 Rxc1+ 23. Nxc1 a4 24. Nd3 Rc8 25. Kf1 h6 26.
Ke2 Rc3 27. Rb1 Rxa3 28. Rb7 Ra2 29. f3 g5 30. Bg3 a3 31. Ra7 Rc2 32. Ne5 Nxe5 33.
dxe5 Bb4 34. Be1 Nh5 35. Ra8+ Kh7 36. Kd3 Rc3+ 37. Ke2 Ng7 38. Ra7 Kg6 39. Nf1 Rc2+ 40. Nd2 Nf5 41. Kd3 Rc3+ 42. Ke2 Rxe3+ 43. Kd1 Nd4 44. Ra4 Bc3 45. Bf2 Rd3 46. Be1 Nb3 47. Rxa3 Nxd2 48. Bxd2 Rxd2+ 49. Kc1 Rd3 50. Ra6 Bxe5 51.
h3 Re3 52. Kd2 Bf4 53. Kd1 Rb3 54.
Ra8 d4 55. Ke2 d3+ 56. Kd1 Rb1# 0-1

[Event "*** Titled Tuesday Blitz"]
[Site "Chess.com"]
[Date "2021.03.16"]
[Round "7"]
[White "Evgeny81"]
[Black "ChristopherYoo"]
[Result "1/2-1/2"]
[WhiteElo "2778"]
[BlackElo "2905"]
[TimeControl "180+1"]
[EndTime "11:18:34 PDT"]
[Termination "Game drawn by repetition"]

1. Nf3 Nf6 2. c4 e6 3. g3 d5 4. Bg2 Be7 5. O-O O-O 6. d4 dxc4 7. Qc2 b5 8. a4 Bb7 9. axb5 a6 10. bxa6 Nxa6 11.
Na3 Nb4 12. Qd1 c5 13. Bg5 h6 14. Bf4 Nfd5 15. Nxc4 Rxa1 16. Qxa1 Nxf4 17. gxf4 cxd4 18.
Qa7 Qc7 19. Qxd4 Rd8 20. Qb6 Qc8 21. Nce5 Nd5 22. Qd4 Bc5 23. Qa4 Nb6 24. Qa2 Nd5 25.
Nd3 Bd6 26. Rc1 Qd7 27. Nfe5 Qb5 28. e3 Ra8 29. Qb1 Nf6 30. Bxb7 Qxb7 31. Rd1 Rb8 32. Nc4 Be7 33. Nde5 Nd5 34. Qd3 Rd8 35. Qe2 Bf6 36. h3 Qb5 37. Kh2 Bxe5 38. fxe5 Rc8 39. Rd4 Nb6 40. b3 Qxb3 41. Nd6 Rc2 42. Qf3 Rc7 43. Rf4 Qd5 44. Rxf7 Qxe5+ 45. Qf4 Qxf4+ 46. Rxf4 Nd5 47. Rd4 Rc6 48. Ne4 Kf7 49. Kg2 Ke7 50. Kf3 g5 51.
Ng3 Nf6 52. Ra4 Rc7 53. Ra6 Kf7 54. Ne4 Nd5 55. Nd6+ Ke7 56. Ne4 Kf7 57. Nd6+ Ke7 58. Ne4 Kf7 1/2-1/2

[Event "*** Titled Tuesday Blitz"]
[Site "Chess.com"]
[Date "2021.03.16"]
[Round "7"]
[White "Volodar_Murzin"]
[Black "Taran2004"]
[Result "1-0"]
[WhiteElo "2680"]
[BlackElo "2445"]
[TimeControl "180+1"]
[EndTime "11:18:34 PDT"]
[Termination "Volodar_Murzin won by resignation"]

1. e4 c5 2. Nf3 d6 3. Bb5+ Bd7 4. Bxd7+ Qxd7 5. O-O Nc6 6. c3 Nf6 7. d4 cxd4 8. cxd4 e6 9. Nc3 Be7 10. Re1 O-O 11. Bf4 Rfd8 12. d5 Na5 13. Qe2 e5 14. Bd2 Rac8 15. b3 b6 16. Rac1 Nb7 17. b4 a5 18. a3 axb4 19. axb4 Ra8 20. Be3 b5 21. Nd2 Rdc8 22. Nxb5 Ra2 23. Qd3 Ng4 24. Rxc8+ Qxc8 25. Nc3 Ra3 26. Nc4 Rb3 27. Rb1 Nxe3 28. fxe3 Rxb1+ 29. Nxb1 g6 30. Nbd2 f5 31. exf5 gxf5 32. e4 f4 33. Qa3 Qg4 34. Nf3 Qd7 35. Qa8+ Kg7 36. Qb8 Bd8 37. h3 Qb5 38. Qc8 Bf6 39. Kh2 Qxb4 40. Qc6 Nc5 41. Nxd6 Nd3 42. Ne8+ Kf8 43.
Nxf6 Qe7 44. Nd7+ Kg7 45. Qe6 Qxe6 46. dxe6 Nb4 47. Ndxe5 Kf8 48. Ng4 Ke7 49. h4 Kxe6 50.
Nf2 Nc6 51. Nh3 Ne5 52. Nxf4+ Kf6 53. Nxe5 Kxe5 54. Kg3 Kxe4 55. Kg4 Ke5 56. Kg5 Kd6 57. g4 Ke7 58. Kh6 Kf8 59. Kxh7 Kf7 60. g5 Ke7 61. g6 1-0